 Dungeon Crawl Stone Soup version 0.23-a0-642-g3120c2f (webtiles) character file.

681 KristoblXynda the Chopper (level 7, -8/50 HPs)
             Began as a Demonspawn Gladiator on Dec 30, 2018.
             Was an Initiate of Ashenzari.
             Mangled by an orc warrior
             ... wielding a +0 glaive
              (19 damage)
             ... on level 4 of the Dungeon.
             The game lasted 00:05:54 (3352 turns).

KristoblXynda the Chopper (Demonspawn Gladiator)    Turns: 3352, Time: 00:05:54

Health: -8/50      AC: 11    Str: 15    XL:     7   Next: 34%
Magic:  7/7        EV: 13    Int: 15    God:    Ashenzari [......]
Gold:   182        SH:  0    Dex: 15    Spells: 6/6 levels left

rFire    . . .     SeeInvis .   a - +0 war axe
rCold    . . .     Gourm    .   (no shield)
rNeg     . . .     Faith    .   j - +0 ring mail (curse)
rPois    .         Spirit   .   (helmet restricted)
rElec    .         Reflect  .   (no cloak)
rCorr    .         Harm     .   (no gloves)
MR       .....                  (no boots)
Stlth    +.........             (no amulet)
HPRegen  0.16/turn              e - +5 ring of intelligence
MPRegen  0.10/turn              b - ring of wizardry

@: sanguine armour
A: horns 1, demonic guardian 1, spiny 1, sanguine armour 1
a: Curse Item, Renounce Religion


You were on level 4 of the Dungeon.
You worshipped Ashenzari.
Ashenzari was noncommittal.
You were not hungry.

You visited 1 branch of the dungeon, and saw 4 of its levels.

You collected 182 gold pieces.

Inventory:

Hand Weapons
 a - a +0 war axe (weapon)
Missiles
 d - 3 throwing nets (quivered)
Armour
 j - a cursed +0 ring mail (worn)
Jewellery
 b - a ring of wizardry (right hand)
 e - a +5 ring of intelligence (left hand)
Wands
 i - a wand of flame (17)
Scrolls
 c - 2 scrolls of teleportation
 h - a scroll of blinking {unknown}
 m - a scroll of magic mapping {unknown}
 n - a scroll of fog {unknown}
 p - a scroll of amnesia {unknown}
 s - a scroll of random uselessness {unknown}
Potions
 g - a potion of haste
 k - 2 potions of brilliance {unknown}
 l - a potion of flight
 o - a potion of cancellation {unknown}
 q - 2 potions of lignification {unknown}
Comestibles
 f - 9 rations


   Skills:
 + Level 2.1 Fighting
 + Level 5.8 Axes
 - Level 2.0 Throwing
 + Level 3.3 Armour
 + Level 4.5 Dodging


You had 6 spell levels left.
You didn't know any spells.
Your spell library was empty.

Dungeon Overview and Level Annotations

Branches:
Dungeon (4/15)
 Temple: D:4-7

Altars:
Ashenzari
Cheibriados
Elyvilon
Gozag
Hepliaklqana
Makhleb
Qazlal
Sif Muna
Trog
Vehumet
The Shining One

Shops:
D:4 ?


Innate Abilities, Weirdness & Mutations

You have a pair of small horns on your head.
A weak demonic guardian rushes to your aid.
You are partially covered in sharp spines.
When seriously injured, your bleeding wounds create armour. (AC +6)


Message History

All of the chunks of flesh in your inventory have rotted away.
An orc warrior comes into view. It is wielding a +0 glaive.
An orc warrior is nearby!
An orc warrior is nearby!
An orc warrior is nearby!
The orc warrior hits you with a +0 glaive!
Your blood congeals into armour.
Your shadow imp hits the orc warrior but does no damage.
You slash the orc warrior! Your headbutt misses the orc warrior.
The orc warrior is moderately wounded.
The orc warrior is struck by your spines.
The orc warrior hits you with a +0 glaive!
* * * LOW HITPOINT WARNING * * *
Your shadow imp hits the orc warrior but does no damage.
You hit the orc warrior but do no damage.
Your headbutt misses the orc warrior.
The orc warrior is moderately wounded.
The orc warrior is struck by your spines.
The orc warrior hits you with a +0 glaive!!
You die...

.##.........#...#########.##
.#...........############..#
##........#...............(#
E#.........##..##.....###..#
##..).....####.###.####....#
............##.#.###.#..#))#
.............#.#..###.(##..#
....>..........o5..).)(##..#
##.....#.......#@##...###..#
E#....###...##.#8.....# #..#
##.....#....#..##8%.##.##..#
......##.......####...#.#..#
......##.......# ..###.#.##
####...........# ##.##.##.#
##..#...#....######.###.#
##...###.................#
##....###....#.....########


You could see an orc warrior and a friendly shadow imp.

Vanquished Creatures
  Sigmund (D:4)
  Duvessa (D:4)
  2 orc wizards (D:4)
  An orc priest (D:4)
  4 gnolls
  7 adders
  2 oozes
  5 worms
  4 dart slugs
  4 leopard geckos
  7 orcs (D:4)
  2 ball pythons (D:4)
  4 giant cockroaches
  6 goblins (D:1)
  7 hobgoblins
  5 kobolds
  2 quokkas
  6 bats
  4 frilled lizards
  6 rats
80 creatures vanquished.

Vanquished Creatures (collateral kills)
  An ogre (D:4)
  Dowan (D:4)
  An orc wizard (D:4)
3 creatures vanquished.

Grand Total: 83 creatures vanquished

Notes
Turn   | Place    | Note
-------+----------+-------------------------------------------
     0 | D:1      | KristoblXynda the Demonspawn Gladiator began the quest for
                  | the Orb.
     0 | D:1      | Reached XP level 1. HP: 16/16 MP: 1/1
    41 | D:1      | Gained mutation: You have a pair of small horns on your
                  | head. [demonic ancestry]
    41 | D:1      | Reached XP level 2. HP: 14/22 MP: 2/2
    41 | D:1      | Reached skill level 3 in Axes
   279 | D:1      | Found a glowing golden altar of the Shining One.
   314 | D:1      | Reached skill level 1 in Armour
   314 | D:1      | Gained mutation: You are partially covered in sharp spines.
                  | [demonic ancestry]
   314 | D:1      | Reached XP level 3. HP: 8/27 MP: 3/3
   850 | D:2      | Found a hazy altar of Hepliaklqana.
   856 | D:2      | Gained mutation: When seriously injured, your bleeding
                  | wounds create armour. (AC +6) [demonic ancestry]
   856 | D:2      | Reached XP level 4. HP: 33/33 MP: 4/4
   973 | D:2      | Found a faded altar of an unknown god.
  1134 | D:2      | Reached skill level 4 in Axes
  1147 | D:2      | Found a white marble altar of Elyvilon.
  1375 | D:2      | Reached XP level 5. HP: 24/38 MP: 5/5
  1378 | D:2      | Found a burning altar of Makhleb.
  1378 | D:2      | Noticed an Executioner
  1381 | D:2      | Noticed a neqoxec
  1381 | D:2      | Noticed an orange demon
  2044 | D:3      | Found a shattered altar of Ashenzari.
  2099 | D:3      | Became a worshipper of Ashenzari the Shackled
  2553 | D:4      | Noticed Sigmund
  2569 | D:4      | Killed Sigmund
  2569 | D:4      | Reached skill level 5 in Axes
  2569 | D:4      | Gained mutation: A weak demonic guardian rushes to your
                  | aid. [demonic ancestry]
  2569 | D:4      | Reached XP level 6. HP: 38/44 MP: 6/6
  2609 | D:4      | Found Kyeshraocs's Magic Scroll Shoppe.
  2614 | D:4      | Found a snail-covered altar of Cheibriados.
  2619 | D:4      | Found a bloodstained altar of Trog.
  2743 | D:4      | Found an opulent altar of Gozag.
  2792 | D:4      | Noticed a fire elemental
  2794 | D:4      | Found a stormy altar of Qazlal.
  2796 | D:4      | Noticed a water elemental
  2796 | D:4      | Noticed an air elemental
  2822 | D:4      | Noticed Dowan
  2823 | D:4      | Noticed Duvessa
  2830 | D:4      | Killed Dowan
  2836 | D:4      | Killed Duvessa
  2836 | D:4      | Reached XP level 7. HP: 23/50 MP: 7/7
  3014 | D:4      | Found a deep blue altar of Sif Muna.
  3102 | D:4      | Found a radiant altar of Vehumet.
  3352 | D:4      | Mangled by an orc warrior

Vault maps used:
D:1:      ncdulo_lavacross, tso_metal_star
D:2:      marbit_many_paths, makhleb_altar_promises_db,
          nicolae_overflow_crystal_walls,
          chequers_ecumenical_altar_simple_redux, grunt_decor_clamped
D:3:      lemuel_doored_altar, minmay_misc_feat_x
D:4:      kennysheep_little_box, vehumet_crystals,
          nicolae_qazlal_style_of_elements, grunt_gozag_breadcrumbs,
          lemuel_crystal_altar, kennysheep_slug_shrine, serial_shops, shop,
          guppyfry_early_orc_mine, uniq_crazy_yiuf_cottage, uniq_sigmund,
          uniq_duvessa

Skill      XL: |  1  2  3  4  5  6 |
---------------+-------------------+-----
Axes           | 3 4 5 |  5.8
Throwing       | 2 |  2.0
Dodging        | 3 4 |  4.5
Armour         | 1 2 3 |  3.3
Fighting       | |  2.1

Action                   |  1- 3 |  4- 6 |  7- 9 || total
-------------------------+-------+-------+-------++-------
Melee: War axe           |    72 |    93 |    15 ||   180
       Headbutt          |    10 |    16 |     2 ||    28
  Use: Scroll            |       |     3 |       ||     3
  Eat: Chunk             |       |     6 |       ||     6
       Ration            |       |       |     1 ||     1
Armor: Leather armour    |     3 |       |       ||     3
       Ring mail         |       |    23 |     1 ||    24
Dodge: Dodged            |    55 |    64 |    17 ||   136

Table legend:
 A = Non-vault XP
 B = Vault XP
 C = Vault XP percentage of total XP
 D = Non-vault monster count
 E = Vault monster count
 F = Vault count percentage of total count
                 A         B        C        D         E       F
            +---------+---------+-------+---------+---------+-------
      Total |     446 |     527 |  54.2 |      72 |      11 |  13.3
            +---------+---------+-------+---------+---------+-------
        D:1 |      60 |       0 |   0.0 |      25 |       0 |   0.0
        D:2 |     154 |      14 |   8.3 |      25 |       1 |   3.8
        D:3 |      47 |       0 |   0.0 |      13 |       0 |   0.0
        D:4 |     185 |     513 |  73.5 |       9 |      10 |  52.6
            +---------+---------+-------+---------+---------+-------
